 Dungeon Crawl Stone Soup version 0.27-a0-836-gfc908b8576 (webtiles) character file.

Game seed: 15350476406621809899

36 leviel the Skirmisher (level 3, -3/23 HPs)
             Began as a Gargoyle Fighter on Apr 1, 2021.
             Slain by Sigmund
             ... wielding a +0 scythe
              (8 damage)
             ... on level 2 of the Dungeon.
             The game lasted 00:01:34 (1426 turns).

leviel the Skirmisher (Gargoyle Fighter)            Turns: 1426, Time: 00:01:34

Health: -3/23      AC: 10    Str: 20    XL:     3   Next: 37%
Magic:  3/3        EV:  7    Int:  8    God:
Gold:   60         SH:  0    Dex:  9    Spells: 2/2 levels left

rFire    . . .     SeeInvis .   a - +0 long sword
rCold    . . .     Faith    .   c - +0 kite shield
rNeg     + . .     Spirit   .   b - +0 scale mail
rPois    ∞         Reflect  .   (no helmet)
rElec    +         Harm     .   (no cloak)
rCorr    .         Rampage  .   (no gloves)
Will     .....                  (no boots)
Stlth    ..........             (no amulet)
HPRegen  0.07/turn              (no ring)
MPRegen  0.08/turn              (no ring)

@: confused, mighty
A: AC +3, negative energy resistance 1, electricity resistance, torment
resistance 1, unbreathing 1, petrification resistance
a: no special abilities


You were on level 2 of the Dungeon.
You visited 1 branch of the dungeon, and saw 3 of its levels.

You collected 60 gold pieces.

Inventory:

Hand Weapons
 a - a +0 long sword (weapon)
Missiles
 h - 13 poisoned darts (quivered)
Armour
 b - a +0 scale mail (worn)
 c - a +0 kite shield (worn)
Jewellery
 e - a ring of wizardry
Scrolls
 f - a scroll of enchant armour {unknown}
 g - a scroll of teleportation {unknown}
 i - a scroll of magic mapping {unknown}


   Skills:
 + Level 3.4 Fighting
 * Level 3.1 Long Blades
 - Level 3.3 Armour
 + Level 0.1 Dodging
 - Level 3.3 Shields


You had 2 spell levels left.
You didn't know any spells.
Your spell library was empty.

Dungeon Overview and Level Annotations

Branches:
Dungeon (3/15)

Altars:

Annotations:
D:2 Sigmund


Innate Abilities, Weirdness & Mutations

Your stone body is resilient. (AC +3)
You are immune to poison.
You resist negative energy. (rN+)
You are resistant to electric shocks. (rElec)
You are resistant to unholy torment.
You can survive without breathing.
You are immune to petrification.


Message History

You slash the adder!
You kill the adder!
Your Long Blades skill increases to level 3!
You start resting.
HP restored.
There is a stone staircase leading up here.
You climb upwards.
Level annotation: Sigmund Sigmund gestures at you while chanting.
You are confused.
There is a stone staircase leading down here.
You are too confused!
Okay, then.
You feel very mighty all of a sudden.
Sigmund hits you from afar with a +0 scythe.
Sigmund misses you.
You're too confused to move!
Sigmund casts a spell at you.
The puff of flame hits you but does no damage.
You feel less confused. You block Sigmund's attack.
You slash Sigmund!
Sigmund is moderately wounded.
Sigmund barely misses you.
You slash Sigmund!
Sigmund is severely wounded.
Sigmund points at you and mumbles some strange words.
You resist with significant effort.
Sigmund points at himself and mumbles some strange words.
Sigmund flickers and vanishes!
Deactivating autopickup; reactivate with Ctrl-A.
You closely miss something.
You hear some strange, mumbled words.
You are confused.
Something hits you! Something hits you.
You completely miss something. Something hits you.
* * * LOW HITPOINT WARNING * * *
Something hits you!
You die...

##. .##. #.........>#
... .. . #.........#
#..#> .## #.........#
#.#. ..# #.........#
###... #.# #.......<.#
##...#.##.####........#
.(..^............######
#..#.###>..####...#
#......{@.###...#
#...........(.#.#
#...........#.#.#
#...........#...#####
######.....(.........
##.#..##.#......
#.##....#......
...............
....###.........


There were no monsters in sight!

Vanquished Creatures
  An adder (D:3)
  2 dart slugs (D:1)
  A ball python (D:1)
  An endoplasm (D:1)
  4 goblins (D:1)
  2 hobgoblins (D:1)
  A quokka (D:2)
  3 bats
  2 frilled lizards (D:1)
  6 kobolds
  2 rats (D:1)
25 creatures vanquished.

Vanquished Creatures (others)
  4 toadstools (D:1)
4 creatures vanquished.

Grand Total: 29 creatures vanquished

Notes
Turn   | Place    | Note
-------+----------+-------------------------------------------
     0 | D:1      | leviel the Gargoyle Fighter began the quest for the Orb.
     0 | D:1      | Reached XP level 1. HP: 14/14 MP: 1/1
   288 | D:1      | Reached XP level 2. HP: 19/19 MP: 2/2
  1009 | D:1      | Reached XP level 3. HP: 23/23 MP: 3/3
  1203 | D:2      | Noticed Sigmund
  1426 | D:2      | Slain by Sigmund

Illustrated notes

Levels and vault maps discovered:
D:1:      ldierk_walled_garden_2, layout_basic
D:2:      layout_rooms, uniq_sigmund, uniq_crazy_yiuf_cottage
D:3:      layout_basic

Skill      XL: |  1  2  3 |
---------------+----------+-----
Long Blades    | 2 3 |  3.1
Fighting       | |  3.4
Armour         | |  3.3
Dodging        | |  0.1
Shields        | |  3.3

Action                   || total
-------------------------++-------
Melee: Long sword        ||    89
  Use: Potion            ||     1
Armor: Scale mail        ||    57
Dodge: Dodged            ||    22
Block: Kite shield       ||    47
       Rpst.: Long sword ||     9

Table legend: (Time is in decaauts)
 A = Elapsed time spent in this place.
 B = Non-inter-level travel time spent in this place.
 C = Inter-level travel time spent in this place.
 D = Time resting spent in this place.
 E = Time spent auto-exploring this place.
 F = Levels seen in this place.
 G = Mean time per level.
                   A        B        C        D        E       F      G
               +--------+--------+--------+--------+--------+-----+--------+
         Total |   1470 |   1445 |     25 |    182 |   1036 |   3 |  490.0 |
       Dungeon |   1470 |   1445 |     25 |    182 |   1036 |   3 |  490.0 |
               +--------+--------+--------+--------+--------+-----+--------+

Top non-repeatable levels by time:
     D:1: 1190 daAuts
     D:3: 202 daAuts
     D:2: 77 daAuts
